 Seeded DCSS version 0.29.1-15-g9cfb28693d (webtiles) character file.

Game seed: 7207926220249212732 (custom seed)

425 McKennaii the Gusty (level 6, -7/45 HPs)
             Began as a Demigod Air Elementalist on Mar 2, 2023.
             Mangled by an ogre
             ... wielding a +0 giant club
              (33 damage)
             ... on level 4 of the Dungeon.
             The game lasted 00:02:55 (4347 turns).

McKennaii the Gusty (Demigod Air Elementalist)      Turns: 4347, Time: 00:02:55

Health: -7/45      AC:  2    Str:  9    XL:     6   Next: 37%
Magic:  7/14       EV: 12    Int: 25    God:
Gold:   151        SH:  0    Dex: 14    Spells: 7/12 levels left

rFire   . . .      SeeInvis .   c - +3 dagger
rCold   . . .      Faith    .   (no shield)
rNeg    . . .      Spirit   .   a - +0 robe
rPois   .          Reflect  .   (no helmet)
rElec   .          Harm     .   (no cloak)
rCorr   .          Rampage  .   (no gloves)
Will    .....                   (no boots)
Stlth   ++........              (no amulet)
HPRegen 0.15/turn               (no ring)
MPRegen 0.14/turn               (no ring)

@: no status effects
A: high MP 1, forlorn, divine attributes
a: no special abilities


You were on level 4 of the Dungeon.
You visited 1 branch of the dungeon, and saw 4 of its levels.

You collected 151 gold pieces.

Inventory:

Hand Weapons
 c - a +3 dagger (weapon)
Armour
 a - a +0 robe (worn)
Wands
 p - a wand of acid (6)
Scrolls
 d - 2 scrolls of amnesia {unknown}
 e - a scroll of silence {unknown}
 f - a scroll of magic mapping {unknown}
 j - 9 scrolls of identify {unknown}
 k - a scroll of poison {unknown}
 l - 3 scrolls of teleportation {unknown}
 m - 4 scrolls of noise {unknown}
Potions
 b - a potion of magic
 g - a potion of degeneration {unknown}
 h - 3 potions of curing
 i - a potion of heal wounds {unknown}
 n - a potion of haste {unknown}
 o - 2 potions of resistance {unknown}
 q - a potion of brilliance {unknown}


   Skills:
 - Level 1.7 Dodging
 - Level 1.7 Stealth
 + Level 3.7 Spellcasting
 + Level 3.5 Conjurations
 + Level 4.5 Air Magic


You had 7 spell levels left.
You knew the following spells:

 Your Spells              Type           Power      Damage    Failure   Level
a - Shock                 Conj/Air       96%        1d9       1%          1
b - Airstrike             Air            13%        2d(2-18)  14%         4

Your spell library contained the following spells:

 Spells                   Type           Power      Damage    Failure   Level
 Static Discharge         Conj/Air       24%        3-6/arc   2%          2
 Swiftness                Air            27%        N/A       4%          3
 Sublimation of Blood     Necr           4%         N/A       14%         2
 Summon Lightning Spire   Summ/Air       15%        N/A       36%         4
 Petrify                  Tmut/Erth      4%         N/A       67%         4
 Irradiate                Conj/Tmut      6%         3d13      77%         5
 Storm Form               Tmut/Air       7%         N/A       100%        7
 Maxwell's Capacitive Co  Air            13%        ∞         100%        8


Dungeon Overview and Level Annotations

Branches:
Dungeon (4/15)
 Temple: D:4-7


Innate Abilities, Weirdness & Mutations

You have an increased reservoir of magic. (+10% MP)
You shall have no god before yourself.
Your divine heritage dramatically boosts your attributes as you level up.


Message History

You kill the giant cockroach!
Found a flail.
You can't see any susceptible monsters within range! (Use Z to cast anyway.)
You see here a +0 flail.
m - 4 scrolls labelled AWEGY DOZO (gained 1)
You open the door.
There is an open door here.
You open the door.
An ogre comes into view. It is wielding a +0 giant club.
The ogre shouts!
The zap hits the ogre.
The ogre is lightly wounded.
The ogre barely misses you.
An ogre is nearby!
The zap hits the ogre.
The ogre is lightly wounded.
An ogre is nearby!
The zap hits the ogre!
The ogre is moderately wounded.
The ogre closely misses you.
The zap misses the ogre.
The ogre hits you with a +0 giant club!!
Casting: Shock (safe; 1% risk of failure)
Confirm with . or Enter, or press ? or * to list all spells.
Okay, then.
Casting: Shock (safe; 1% risk of failure)
Confirm with . or Enter, or press ? or * to list all spells.
The spell is quite dangerous to miscast (14% risk of failure)!
Continue anyway?
Okay, then.
Casting: Airstrike (quite dangerous; 14% risk of failure)
Confirm with . or Enter, or press ? or * to list all spells.
The spell is quite dangerous to miscast (14% risk of failure)!
Continue anyway?
Aiming: Airstrike (quite dangerous; 14% risk of failure)
Press: ? - help, Dir - move target, f/p - ogre
Aim: an ogre, wielding a +0 giant club (moderately wounded, empty space bonus: 7/8)
The air twists around and strikes the ogre!
The ogre is almost dead.
The ogre hits you with a +0 giant club!!
Ouch! That really hurt!
You die...

#.....# ...## ###
#.....# ....# ..##
#.....#...... ...#
#.....#.....# ...#
#.....'.....# ... ..##
#.....#.....# .... ###
####.....#+########....
.......O...............
.......@...............
........................
........................
............###'###+###
###
........<...#.........#
..##
###.....#+###...).....#
...#
#.....#..########...#
...#
#.....#..##..####...##
>..#
#.....'.......#.....†.


You could see an ogre.

Vanquished Creatures
  Sigmund (D:2)
  2 hounds (D:4)
  Ijyb (D:4)
  Natasha (thrice) (D:2)
  An adder (D:2)
  An ufetubus (D:4)
  A worm (D:2)
  2 dart slugs
  6 orcs (D:3)
  4 ball pythons
  9 endoplasms
  4 giant cockroaches
  7 goblins
  4 hobgoblins
  5 jackals
  2 quokkas (D:1)
  5 bats
  4 frilled lizards
  4 kobolds
  6 rats
72 creatures vanquished.

Vanquished Creatures (others)
  11 plants (D:1)
11 creatures vanquished.

Grand Total: 83 creatures vanquished

Notes
Turn   | Place    | Note
-------+----------+-------------------------------------------
     0 | D:1      | McKennaii the Demigod Air Elementalist began the quest for
                  | the Orb.
     0 | D:1      | Reached XP level 1. HP: 14/14 MP: 5/5
    74 | D:1      | Reached skill level 1 in Conjurations
   384 | D:1      | Reached XP level 2. HP: 20/20 MP: 5/7
   428 | D:1      | Reached skill level 3 in Air Magic
  1358 | D:2      | Reached XP level 3. HP: 26/26 MP: 5/9
  1694 | D:2      | Noticed Natasha
  1699 | D:2      | Killed Natasha
  1881 | D:2      | Noticed Natasha
  1889 | D:2      | Killed Natasha
  1890 | D:2      | Reached XP level 4. HP: 33/33 MP: 5/10
  1986 | D:2      | Learned a level 4 spell: Airstrike
  2017 | D:2      | Noticed Sigmund
  2034 | D:2      | Killed Sigmund
  2035 | D:2      | Reached skill level 4 in Air Magic
  2035 | D:2      | Reached XP level 5. HP: 38/38 MP: 2/13
  2165 | D:2      | Noticed Natasha
  2171 | D:2      | Killed Natasha
  2675 | D:3      | Reached XP level 6. HP: 45/45 MP: 9/14
  3758 | D:4      | Noticed Ijyb
  3767 | D:4      | Killed Ijyb
  4347 | D:4      | Mangled by an ogre

Illustrated notes

Levels and vault maps discovered:
D:1:      minmay_arrival_plants_in_alcoves, layout_loops_ring
D:2:      layout_loops_cross, st_stairs_3, uniq_natasha, uniq_sigmund
D:3:      layout_loops_ring, mainiacjoe_overflow_chevrons,
          shapermc_ecumenical_altar_pompeii, corexii_leaking_fountain,
          ebering_dispersal_statue_hall
D:4:      layout_gridville, feat_on_display, uniq_ijyb

Skill      XL: |  1  2  3  4 |
---------------+-------------+-----
Conjurations   | 1 2 3 |  3.5
Spellcasting   | 2 3 |  3.7
Air Magic      | 3 4 |  4.5
Dodging        | |  1.7
Stealth        | |  1.7

Action                   |  1- 3 |  4- 6 || total
-------------------------+-------+-------++-------
Melee: Dagger            |    21 |       ||    21
       Unarmed           |     1 |       ||     1
 Cast: Shock             |    77 |    87 ||   164
       Airstrike         |       |     1 ||     1
Armor: Robe              |    13 |     3 ||    16
Dodge: Dodged            |    34 |    18 ||    52
